 Dungeon Crawl Stone Soup version 0.29-a0-520-gc852659 (webtiles) character file.

Game seed: 1743709176657752116

1668 Toastz the Chopper (level 8, -7/65 HPs)
             Began as a Demonspawn Abyssal Knight on May 30, 2022.
             Was an Elder of Lugonu.
             Splashed by a jelly's acid (9 damage)
             ... on level 5 of the Dungeon on May 31, 2022.
             The game lasted 00:19:24 (9616 turns).

Toastz the Chopper (Demonspawn Abyssal Knight)      Turns: 9616, Time: 00:19:25

Health: -7/65      AC: -5    Str: 21    XL:     8   Next: 69%
Magic:  12/12      EV: 10    Int: 13    God:    Lugonu [****..]
Gold:   292        SH:  0    Dex: 13    Spells: 7/7 levels left

rFire   . . .      SeeInvis .   a - +1 hand axe
rCold   + . .      Faith    .   (no shield)
rNeg    . . .      Spirit   .   F - +0 scale mail
rPois   .          Reflect  .   (helmet restricted)
rElec   .          Harm     .   (no cloak)
rCorr   .          Rampage  .   E - +2 pair of gloves
Will    .....                   j - +0 pair of boots
Stlth   ..........              (no amulet)
HPRegen 0.20/turn               e - ring of protection from cold
MPRegen 0.26/turn               p - +6 ring of strength

@: corroded, hasted, very quick
A: antennae 2, magic regeneration
a: Renounce Religion, Depart the Abyss, Bend Space, Banish, Corrupt


You were on level 5 of the Dungeon.
You worshipped Lugonu.
Lugonu was greatly pleased with you.
You visited 1 branch of the dungeon, and saw 5 of its levels.
You visited the Abyss 1 time.

You collected 292 gold pieces.

Inventory:

Hand Weapons
 a - a +1 hand axe (weapon)
 b - a +1 hunting sling of freezing
Missiles
 l - 132 stones
 z - 2 poisoned darts
 B - 6 boomerangs (quivered)
Armour
 j - a +0 pair of boots (worn)
 t - a +0 chain mail
 E - a +2 pair of gloves (worn)
 F - a +0 scale mail (worn)
Jewellery
 e - a ring of protection from cold (left hand)
 i - a ring of willpower
 p - a +6 ring of strength (right hand)
 s - an amulet of faith
 D - a +4 ring of protection
Scrolls
 c - a scroll of acquirement {unknown}
 d - 2 scrolls of fear
 g - 4 scrolls of identify
 k - a scroll of torment {unknown}
 m - 2 scrolls of immolation
 q - 2 scrolls of vulnerability
 r - a scroll of summoning {unknown}
 v - a scroll of fog {unknown}
 x - a scroll of poison
 y - a scroll of enchant armour {unknown}
 C - a scroll of teleportation
 G - a scroll of magic mapping {unknown}
Potions
 f - 2 potions of brilliance {unknown}
 h - 3 potions of mutation {unknown}
 n - 4 potions of flight
 u - 2 potions of lignification
 w - a potion of cancellation {unknown}
 A - a potion of degeneration {unknown}


   Skills:
 + Level 6.9 Fighting
 * Level 7.7 Axes
 - Level 1.7 Armour
 - Level 0.8 Dodging
 - Level 6.0 Invocations


You had 7 spell levels left.
You didn't know any spells.
Your spell library contained the following spells:

 Spells                   Type           Power      Damage    Failure   Level
 Freeze                   Ice            0%         1d3       65%         1
 Sandblast                Erth           0%         2d4       65%         1
 Slow                     Hex            0%         N/A       65%         1
 Ensorcelled Hibernation  Hex/Ice        0%         N/A       78%         2
 Passwall                 Tmut/Erth      0%         N/A       78%         2
 Confusing Touch          Hex            0%         N/A       95%         3
 Frozen Ramparts          Ice            0%         1d2       95%         3
 Ozocubu's Armour         Ice            0%         N/A       95%         3
 Spider Form              Tmut/Pois      0%         N/A       95%         3
 Stone Arrow              Conj/Erth      0%         3d7       95%         3
 Vampiric Draining        Necr           0%         2d6       95%         3
 Anguish                  Hex/Necr       0%         N/A       100%        4
 Hailstorm                Conj/Ice       0%         3d3       100%        4
 Metabolic Englaciation   Hex/Ice        0%         N/A       100%        5
 Simulacrum               Ice/Necr       0%         N/A       100%        6
 Ozocubu's Refrigeration  Ice            0%         4d5       100%        7


Dungeon Overview and Level Annotations

Branches:
Dungeon (5/15)
 Temple: D:4-7

Altars:

Annotations:
Abyss:1 Sigmund


Innate Abilities, Weirdness & Mutations

You have a pair of antennae on your head.
You regenerate magic rapidly.


Message History

Found 4 poisoned darts.
The jelly quivers.
The jelly attacks as you move away! The jelly closely misses you.
Okay, then.
You hit the jelly.
Your hands burn!
The jelly is moderately wounded.
The jelly hits you but does no damage.
You hit the jelly. The acid corrodes you!
Your hands burn!
The jelly is moderately wounded.
The jelly hits you. The acid corrodes you!
You are splashed with acid!
You hit the jelly.
Your hands burn!
The jelly is severely wounded.
The jelly barely misses you.
You hit the jelly but do no damage. The acid corrodes you!
Your hands burn!
The jelly is severely wounded.
The jelly completely misses you.
You hit the jelly.
Your hands burn!
The jelly is severely wounded.
You hit the jelly but do no damage.
Your hands burn!
The jelly is severely wounded.
The jelly hits you. The acid corrodes you!
You are splashed with acid!
You completely miss the jelly.
The jelly is severely wounded.
The jelly closely misses you.
You hit the jelly.
Your hands burn!
The jelly is almost dead.
The jelly hits you. The acid corrodes you!
You are splashed with acid.
* * * LOW HITPOINT WARNING * * *
Space bends violently around you!
You blink.
The jelly hits you.
* * * LOW HITPOINT WARNING * * *
You are splashed with acid.
* * * LOW HITPOINT WARNING * * *
You feel yourself speed up.
The jelly jiggles.
The jelly closely misses you. The jelly hits you.
* * * LOW HITPOINT WARNING * * *
You are splashed with acid!
You die...

#................#
#..#####..#####..#
#......#..#......#
#...)..#..#......#
#####..#..#..#####
#......#[.#......#
#......#..#......# ##
#..#####..#####..# #########.
#......#..#...@..# #...##....
#......#..#..J...# ##...#....#
#####..#..#.n##### #..........
#......#..#......# ##......##..
#......#..#......###.)..#..##..
#..#####..#####..#....#.#.....#
#......#..#......#......#......
#......#..#......#.............
#####..#..#.n#####.............


You could see a necrophage and a jelly.

Vanquished Creatures
  An ice beast (D:4)
  A centaur (D:5)
  A phantom (D:4)
  A bullfrog (D:3)
  A necrophage (D:5)
  2 scorpions (D:4)
  A wight (D:4)
  3 howler monkeys (D:4)
  A jelly (D:4)
  An orc priest (D:5)
  2 hounds (D:5)
  Terence (D:2)
  Natasha (thrice) (D:2)
  8 iguanas
  3 orc wizards (D:5)
  Robin (D:2)
  5 gnolls (D:2)
  8 adders
  A white imp (D:5)
  6 dart slugs
  12 orcs
  8 ball pythons
  6 endoplasms
  5 giant cockroaches
  14 goblins
  9 hobgoblins
  10 kobolds
  6 quokkas
  6 bats
  2 frilled lizards (D:3)
  5 rats
134 creatures vanquished.

Vanquished Creatures (others)
  2 orc wizards (D:5)
  6 plants (D:3)
8 creatures vanquished.

Grand Total: 142 creatures vanquished

Notes
Turn   | Place    | Note
-------+----------+-------------------------------------------
     0 | Abyss:1  | Toastz the Demonspawn Abyssal Knight began the quest for
                  | the Orb.
     0 | Abyss:1  | Reached XP level 1. HP: 18/18 MP: 2/2
    39 | Abyss:1  | Noticed a chaos spawn
    41 | D:1      | Escaped the Abyss
   324 | D:1      | Reached ** piety under Lugonu
   325 | D:1      | Reached skill level 2 in Axes
   605 | D:1      | Gained mutation: You have a pair of small antennae on your
                  | head. [demonic ancestry]
   605 | D:1      | Reached XP level 2. HP: 8/24 MP: 3/3
   977 | D:1      | Found a faded altar of an unknown god.
  1707 | D:2      | Gained mutation: You regenerate magic rapidly. [demonic
                  | ancestry]
  1707 | D:2      | Reached XP level 3. HP: 18/30 MP: 4/4
  1932 | D:2      | Noticed Natasha
  2090 | D:2      | Killed Natasha
  2091 | D:2      | Reached skill level 3 in Axes
  2258 | D:2      | Reached XP level 4. HP: 37/37 MP: 5/5
  2295 | D:2      | Noticed Natasha
  2304 | D:2      | Killed Natasha
  2321 | D:2      | Noticed Natasha
  2341 | D:2      | Killed Natasha
  2370 | D:2      | Reached XP level 5. HP: 37/43 MP: 6/6
  2382 | D:2      | Noticed Robin
  2400 | D:2      | Killed Robin
  2402 | D:2      | Reached skill level 4 in Axes
  2430 | D:2      | Reached *** piety under Lugonu
  2915 | D:2      | Noticed Terence
  2938 | D:2      | Killed Terence
  3236 | D:3      | HP: 2/43 [bullfrog (1)]
  3238 | D:3      | Reached XP level 6. HP: 3/50 MP: 7/7
  3531 | D:2      | Upgraded the game from 0.29-a0-519-g90894fa to
                  | 0.29-a0-520-gc852659
  3643 | D:3      | Reached skill level 5 in Fighting
  3868 | D:3      | Noticed Sigmund
  3891 | D:3      | Banished Sigmund
  3892 | D:3      | Reached skill level 5 in Axes
  4396 | D:3      | Reached XP level 7. HP: 36/56 MP: 9/9
  4947 | D:4      | Reached **** piety under Lugonu
  5808 | D:5      | Entered Level 5 of the Dungeon
  5906 | D:4      | Reached skill level 6 in Axes
  6475 | D:5      | Gained mutation: You have a pair of antennae on your head.
                  | [demonic ancestry]
  6475 | D:5      | Reached XP level 8. HP: 30/64 MP: 11/11
  6485 | D:5      | Reached skill level 5 in Invocations
  6874 | D:5      | HP: 3/64 [centaur/arrow (9)]
  7341 | D:5      | Reached skill level 7 in Axes
  9616 | D:5      | HP: 2/65 [jelly (3)]
  9616 | D:5      | Splashed by a jelly's acid

Illustrated notes

Levels and vault maps discovered:
D:1:      dpeg_arrival_oval, layout_loops_corners,
          shapermc_ecumenical_altar_starsandcircs
D:2:      layout_basic, minmay_heptomino_h4, uniq_robin, uniq_natasha,
          uniq_terence
D:3:      layout_loops_ring, serial_bayou_pond_b, uniq_sigmund
D:4:      layout_rooms, eino_tiny_chamber
D:5:      kennysheep_windowed_halls, layout_cave_pools,
          minmay_a_box_with_orc_wizards_in_it

Skill      XL: |  1  2  3  4  5  6  7  8 |
---------------+-------------------------+-----
Axes           | 2 3 4 5 6 7 |  7.7
Fighting       | 4 5 6 |  6.9
Invocations    | 3 4 6 |  6.0
Armour         | |  1.7
Dodging        | |  0.8

Action                   |  1- 3 |  4- 6 |  7- 9 || total
-------------------------+-------+-------+-------++-------
Melee: Hand axe          |    80 |   197 |   337 ||   614
       Unarmed           |       |     5 |       ||     5
       Punch             |       |       |     3 ||     3
 Fire: Hunting sling     |    14 |       |       ||    14
Throw: Stone             |       |    20 |    14 ||    34
       Boomerang         |       |       |     5 ||     5
Invok: Depart the Abyss  |     1 |       |       ||     1
       Banish            |       |     1 |     1 ||     2
       Bend Space        |       |       |     5 ||     5
  Use: Scroll            |     1 |     3 |     5 ||     9
       Potion            |     1 |     2 |     3 ||     6
Armor: Ring mail         |    20 |    64 |       ||    84
       Skin              |       |     2 |       ||     2
       Chain mail        |       |     8 |   129 ||   137
       Scale mail        |       |       |    34 ||    34
Dodge: Dodged            |    43 |    98 |   124 ||   265

Table legend: (Time is in decaauts)
 A = Elapsed time spent in this place.
 B = Non-inter-level travel time spent in this place.
 C = Inter-level travel time spent in this place.
 D = Time resting spent in this place.
 E = Time spent auto-exploring this place.
 F = Levels seen in this place.
 G = Mean time per level.
                   A        B        C        D        E       F      G
               +--------+--------+--------+--------+--------+-----+--------+
         Total |   9688 |   9371 |    317 |   4091 |   3592 |   6 | 1614.7 |
       Dungeon |   9647 |   9330 |    317 |   4091 |   3592 |   5 | 1929.4 |
         Abyss |     41 |     41 |      0 |      0 |      0 |   1 |   41.0 |
               +--------+--------+--------+--------+--------+-----+--------+

Top non-repeatable levels by time:
     D:4: 2598 daAuts
     D:2: 1963 daAuts
     D:5: 1791 daAuts
     D:3: 1782 daAuts
     D:1: 1512 daAuts
 Abyss:1: 41 daAuts
